cohdb
Replays
Latest Replays
All Replays
Popular Replays
Top Player Replays
Match Explorer
How It Works
Community
CoH3 Stats
Reddit
Sign in to upload your games and track your stats! →
Sign in with Steam
Match 43492450
Unlisted
Match 43492450
Overview
Messages
Build Orders
End
Construct Section Command Post
Vickers Machine Gun Team
Dingo Light Scout Car
Infantry Section
Infantry Section
Construct Platoon Command Post
Light Vehicle Training
Unlock M3 Stuart Light Tanks
Selects Heavy Armor Battlegroup
Selects Light Vehicle Withdraw and Refit
Light Vehicle Withdraw and Refit
M3 Stuart Light Tank
Selects Rigorous Vehicle Training
6-pounder Anti-tank Gun Team
Grenade Package
Selects Rigorous Vehicle Training
Selects Forward Repair Assembly
M3 Stuart Light Tank
Minami Kotori
SxNine
Symbiosis
CAuMOH
0
0
Comments
sign in to comment!
No comments posted yet!